AoeStats
← bvh-*****

Black Forest

509088696Analyzed
4v4 RM · 6d ago on Sep 25, 2026· 45m 13s· 8 players
Game mode
Random Map
Map size
Large (8 player)
Population
200
Speed
Normal
Resources
Standard
Victory
Conquest
Starting age
Dark Age
Ending age
Imperial Age
RankedLock teamsTeams togetherTeam positionsShared explorationLock speedFull tech treeHidden civsTurbo modeCheats
Victory
Defeat
🇭🇺 Persians · Hungary
750
+16
🇹🇷 Turks · Türkiye
749
+16
🇳🇱 Burgundians · Netherlands
738
+17
🇧🇷 Persians · Brazil
681
+18
🇨🇳 Vikings · China
756
-17
🇨🇳 Saxons · China
756
-17
🇯🇵 Khmer · Japan
754
-17
🇨🇳 Bohemians · China
735
-16
豚マソ
2:43 Loom
15:59 Feudal Age
17:13 Double-Bit Axe
17:10 Horse Collar
20:55 Castle Age
19:52 Gold Mining
19:53 Stone Mining
21:58 Caravan
24:18 Heavy Plow
24:32 Bow Saw
25:51 Wheelbarrow
26:54 Gold Shaft Mining
26:56 Stone Shaft Mining
30:05 Imperial Age
29:35 Ballistics
30:02 Fervor
30:20 Husbandry
32:27 Hand Cart
32:58 Conscription
33:29 Crop Rotation
33:14 Tusk Swords
33:07 Town Watch
34:21 Scale Barding Armor
34:29 Bloodlines
35:46 Siege Engineers
36:42 Chemistry
35:49 Heavy Scorpion
37:45 Double Crossbow
39:00 Chain Barding Armor
38:51 Forging
38:26 Elite Ballista Elephant
41:14 Pikeman
42:30 Iron Casting
42:44 Elite Battle Elephant
ksffvbh
0:27 Loom
19:36 Feudal Age
20:58 Wheelbarrow
20:12 Double-Bit Axe
20:09 Horse Collar
24:44 Castle Age
25:05 Arson
26:13 Hand Cart
26:01 Heavy Plow
27:25 Bow Saw
29:32 Caravan
32:25 Squires
31:45 Pikeman
33:05 Town Watch
37:28 Imperial Age
35:37 Town Patrol
36:44 Chemistry
36:05 Ballistics
35:56 Masonry
37:37 Wagenburg Tactics
38:43 Houfnice
39:55 Conscription
38:55 Elite Hussite Wagon
枣亦依
0:38 Loom
15:09 Feudal Age
15:40 Town Watch
27:27 Castle Age
25:39 Arson
31:27 Fletching
32:28 Double-Bit Axe
32:32 Horse Collar
32:46 Stone Mining
32:48 Gold Mining
33:48 Fortified Wall
33:49 Masonry
34:18 Squires
37:04 Imperial Age
37:00 Bodkin Arrow
37:15 Forging
37:06 Scale Mail Armor
40:11 Iron Casting
39:51 Chain Mail Armor
真稚
6:14 Loom
12:19 Feudal Age
13:09 Double-Bit Axe
16:22 Horse Collar
19:26 Castle Age
21:27 Bow Saw
21:33 Gold Mining
21:44 Town Watch
23:25 Wheelbarrow
27:14 Stone Mining
28:00 Fletching
29:31 Town Patrol
31:11 Bodkin Arrow
32:41 Gold Shaft Mining
33:15 Caravan
34:02 Hand Cart
36:34 Imperial Age
35:18 Forging
35:08 Scale Mail Armor
34:46 Pikeman
38:03 Iron Casting
37:44 Chain Mail Armor
39:25 Halberdier
39:55 Arson
40:44 Plate Mail Armor
40:16 Bracer
40:03 Shield Wall
40:53 Squires
41:57 Elite Varangian Guard
bvh-*****
0:30 Loom
12:20 Feudal Age
16:25 Castle Age
15:46 Double-Bit Axe
17:24 Horse Collar
19:32 Heavy Plow
29:46 Imperial Age
27:55 Wheelbarrow
27:09 Town Watch
28:11 Fletching
28:32 Forging
29:10 Hand Cart
31:36 Chemistry
30:33 Cavalier
30:38 Onager
32:09 Scale Mail Armor
32:15 Scale Barding Armor
33:02 Paladin
34:23 Caravan
35:01 Iron Casting
45:07 Spies/Treason
bigame
11:38 Feudal Age
16:42 Castle Age
29:40 Imperial Age
27:28 Horse Collar
27:44 Double-Bit Axe
29:18 Heavy Plow
29:35 Bow Saw
30:18 Wheelbarrow
30:28 Gold Mining
32:39 Two-Man Saw
32:35 Gold Shaft Mining
33:07 Hand Cart
34:35 Stone Mining
35:41 Elite Janissary
36:44 Conscription
38:10 Ballistics
43:40 Fletching
43:51 Scale Mail Armor
43:52 Padded Archer Armor
44:02 Forging
43:59 Scale Barding Armor
pagerbon
11:19 Feudal Age
9:36 Loom
11:39 Double-Bit Axe
12:53 Wheelbarrow
12:04 Town Watch
12:01 Horse Collar
15:18 Arson
21:59 Castle Age
20:14 Forging
20:10 Scale Barding Armor
20:05 Scale Mail Armor
22:02 Scale Mail Armor
23:07 Iron Casting
22:45 Bow Saw
22:43 Heavy Plow
23:16 Caravan
23:55 Squires
24:47 Pikeman
30:10 Coinage
31:02 Hand Cart
33:17 Gold Mining
33:20 Stone Mining
34:45 Town Patrol
37:44 Imperial Age
37:50 Imperial Age
37:16 Gold Shaft Mining
37:23 Stone Shaft Mining
36:53 Husbandry
37:05 Masonry
37:53 Cavalier
39:39 Blast Furnace
39:14 Crop Rotation
39:47 Two-Man Saw
40:47 Banking
40:30 Guilds
40:45 Chain Barding Armor
40:41 Chain Mail Armor
40:20 Fletching
41:07 Elite War Elephant
42:48 Plate Barding Armor
42:53 Architecture
45:02 Plate Mail Armor
Scrap
0:27 Loom
17:43 Feudal Age
20:04 Wheelbarrow
19:45 Horse Collar
22:22 Castle Age
20:12 Double-Bit Axe
20:22 Stone Mining
20:25 Gold Mining
23:54 Hand Cart
24:19 Heavy Plow
24:31 Bow Saw
25:29 Town Watch
30:09 Stone Shaft Mining
30:09 Gold Shaft Mining
30:42 Ballistics
33:06 Imperial Age
32:27 Caravan
32:59 Coinage
34:33 Chemistry
35:13 Guilds
35:33 Banking
35:49 Town Patrol
36:35 Conscription
38:04 Two-Man Saw
37:57 Kamandaran
37:40 Elite War Elephant
42:12 Crop Rotation
41:53 Scale Barding Armor
41:59 Forging
42:43 Citadels
Connection lost

Rejoining the realm…

Still unreachable

The connection could not be restored.

Session expired

The server has moved on; the page needs a fresh start.